 Dungeon Crawl Stone Soup version 0.23.2-33-g5129a83184 (webtiles) character file.

Game seed: 2716183166803633392

301 t4s4d4r the Ruffian (level 6, 0/42 HPs)
             Began as an Octopode Fighter on July 10, 2019.
             Slain by a sky beast (5 damage)
             ... on level 6 of the Dungeon.
             The game lasted 00:04:31 (2340 turns).

t4s4d4r the Ruffian (Octopode Fighter)              Turns: 2340, Time: 00:04:32

Health: 0/42       AC:  4    Str: 15    XL:     6   Next: 37%
Magic:  6/6        EV: 11    Int: 13    God:
Gold:   120        SH:  8    Dex: 11    Spells: 5/5 levels left

rFire    . . .     SeeInvis +     - Unarmed
rCold    . . .     Gourm    .   a - +0 shield
rNeg     . . .     Faith    .   (helmet restricted)
rPois    .         Spirit   .   (no amulet)
rElec    .         Reflect  .   j - ring of see invisible
rCorr    .         Harm     .   n - +3 ring of protection
MR       .....                  (no ring)
Stlth    ++........             (no ring)
HPRegen  0.14/turn              (no ring)
MPRegen  0.10/turn              (no ring)
                                (no ring)
                                (no ring)

@: no status effects
A: almost no armour, stealthy swim, amphibious, 8 rings, constrict 8, camouflage
1, gelatinous body 1
a: no special abilities


You were on level 6 of the Dungeon.
You were hungry.

You visited 1 branch of the dungeon, and saw 4 of its levels.

You collected 120 gold pieces.

Inventory:

Hand Weapons
 e - a +2 spear of venom
Armour
 a - a +0 shield (worn)
Jewellery
 j - a ring of see invisible (left tentacle)
 n - a +3 ring of protection (right tentacle)
Scrolls
 f - a scroll of remove curse
 i - 2 scrolls of identify
 p - a scroll of noise
Potions
 d - a potion of curing
 k - a potion of agility {unknown}
 l - a potion of invisibility {unknown}
 m - a potion of haste {unknown}
Comestibles
 c - 10 rations


   Skills:
 - Level 3.0 Fighting
 - Level 3.0 Dodging
 - Level 3.0 Shields
 + Level 6.5 Unarmed Combat


You had 5 spell levels left.
You didn't know any spells.
Your spell library was empty.

Dungeon Overview and Level Annotations

Branches:
Dungeon (3/15)

Altars:


Innate Abilities, Weirdness & Mutations

You cannot wear most types of armour.
You are very stealthy in the water. (Stealth+)
You are amphibious.
You can wear up to eight rings at the same time.
You can use your tentacles to constrict eight enemies at once.
Your skin changes colour to match your surroundings (Stealth+).
Your rubbery body absorbs attacks. (AC +1, EV +1)


Message History

The sky beast hits you.
* * * LOW HITPOINT WARNING * * *
The sky beast shocks you.
* * * LOW HITPOINT WARNING * * *
You closely miss the sky beast.
Your tentacle-slap misses the sky beast.
Your squeeze misses the sky beast.
The sky beast is lightly wounded.
You block the sky beast's attack.
Unknown command.
You tentacle-slap the sky beast but do no damage.
The sky beast is lightly wounded.
The sky beast barely misses you.
Unknown command.
You closely miss the sky beast.
The sky beast is lightly wounded.
The sky beast hits you.
* * * LOW HITPOINT WARNING * * *
The sky beast shocks you.
You die...

#...).#.#.......
#.....#.#.##.###
###...............
#.≈...............
#.#.≈.............
#.#####...........
#.# #........... #Y#
###........... #@#
#............. #.#
#............. #.#
#.[...........
###.#########.##.###
#.............##.#
#.#.############.#
#.#... ........#
#.##### #########
#.#


You could see a sky beast.

Vanquished Creatures
  A centaur (D:6)
  A bullfrog (D:6)
  A jelly (D:6)
  A worker ant (D:6)
  A killer bee zombie (D:6)
  5 adders
  A worm (D:3)
  2 dart slugs
  4 leopard geckos
  An orc (D:3)
  2 giant cockroaches (D:1)
  5 goblins
  4 hobgoblins (D:1)
  2 quokkas
  3 bats
  5 kobolds
  2 rats
41 creatures vanquished.

Notes
Turn   | Place    | Note
-------+----------+-------------------------------------------
     0 | D:1      | t4s4d4r the Octopode Fighter began the quest for the Orb.
     0 | D:1      | Reached XP level 1. HP: 16/16 MP: 1/1
   224 | D:1      | Reached XP level 2. HP: 21/21 MP: 2/2
   262 | D:1      | Reached skill level 3 in Unarmed Combat
   664 | D:2      | Reached XP level 3. HP: 17/26 MP: 3/3
  1270 | D:2      | Reached skill level 4 in Unarmed Combat
  1333 | D:2      | Reached XP level 4. HP: 28/31 MP: 4/4
  1817 | D:3      | You fall through a shaft for 3 floors!
  1858 | D:6      | Reached skill level 5 in Unarmed Combat
  1858 | D:6      | Reached XP level 5. HP: 30/36 MP: 5/5
  1984 | D:6      | Noticed a centaur
  1993 | D:6      | Killed a centaur
  1993 | D:6      | Reached skill level 6 in Unarmed Combat
  1993 | D:6      | Reached XP level 6. HP: 16/42 MP: 6/6
  2202 | D:6      | Noticed a sky beast
  2340 | D:6      | Slain by a sky beast

Skill      XL: |  1  2  3  4  5 |
---------------+----------------+-----
Unarmed Combat | 3 4 5 6 |  6.5
Fighting       | |  3.0
Dodging        | |  3.0
Shields        | |  3.0

Action                   |  1- 3 |  4- 6 || total
-------------------------+-------+-------++-------
Melee: Spear             |    59 |    56 ||   115
       Constrict         |     9 |    10 ||    19
       Tentacles         |     4 |     8 ||    12
       Punch             |     1 |       ||     1
       Unarmed           |       |     5 ||     5
  Use: Potion            |       |     2 ||     2
       Scroll            |       |     6 ||     6
 Stab: Sleeping          |     4 |     6 ||    10
  Eat: Chunk             |     1 |     3 ||     4
Armor: Skin              |       |     6 ||     6
Dodge: Dodged            |    16 |    26 ||    42
Block: Shield            |    14 |    24 ||    38
